 Dungeon Crawl Stone Soup version 0.20.0-10-g0535bb4 (webtiles) character file.

1313 Lochraine the Scholar of Death (level 8, -2/45 HPs)
             Began as a Tengu Necromancer on June 6, 2017.
             Was a Follower of Kikubaaqudgha.
             Shot with an arrow by a centaur (3 damage)
             ... on level 6 of the Dungeon.
             The game lasted 00:19:32 (7842 turns).

Lochraine the Scholar of Death (Tengu Necromancer)  Turns: 7842, Time: 00:19:32

Health: -2/45      AC:  6    Str:  8    XL:     8   Next: 58%
Magic:  7/15       EV: 15    Int: 18    God:    Kikubaaqudgha [*.....]
Gold:   203        SH:  0    Dex: 15    Spells: 3/15 levels left

rFire    . . .     SeeInvis .   A - +1 short sword (elec)
rCold    . . .     Gourm    .   (no shield)
rNeg     . . .     Faith    .   a - +0 robe
rPois    .         Spirit   .   (helmet restricted)
rElec    .         Reflect  .   s - +0 cloak
rCorr    .         Harm     .   y - +2 pair of gloves
MR       .....                  (boots unavailable)
Stlth    ++........             (no amulet)
Regen    1.2/turn               (no ring)
MPRegen  0.2/turn               (no ring)

@: regenerating (expiring)
A: beak, talons 3, able to fly 1
a: Fly, Receive Corpses, Renounce Religion


You were on level 6 of the Dungeon.
You worshipped Kikubaaqudgha.
Kikubaaqudgha was aware of your devotion.
You were not hungry.

You visited 1 branch of the dungeon, and saw 6 of its levels.

You collected 203 gold pieces.

Inventory:

Hand Weapons
 g - a +0 short sword
   (You took it off a kobold on level 1 of the Dungeon)
 i - a +0 halberd
   (You took it off a gnoll on level 5 of the Dungeon)
 r - a +0 falchion
   (You found it on level 3 of the Dungeon)
 w - a cursed -2 spear
   (You found it on level 4 of the Dungeon)
 A - a +1 short sword of electrocution (weapon)
   (You took it off an orc on level 5 of the Dungeon)
Missiles
 f - 172 stones (quivered)
Armour
 a - a +0 robe (worn)
 l - a cursed +0 scale mail
   (You found it on level 1 of the Dungeon)
 s - a +0 cloak (worn)
   (You found it on level 3 of the Dungeon)
 y - a +2 pair of gloves (worn)
   (You found it on level 5 of the Dungeon)
Wands
 v - a wand of digging (13/24)
   (You found it on level 4 of the Dungeon)
Scrolls
 d - a scroll of enchant weapon
 h - 2 scrolls of remove curse {@r2}
 k - 7 scrolls of identify {@r1}
 n - a scroll of immolation {!r}
 B - a scroll of noise {unknown}
 D - a scroll of summoning {unknown}
Potions
 c - 2 potions of degeneration {!q}
 e - 2 potions of brilliance
 m - a potion of flight
 o - a potion of agility
 p - a potion of cancellation
 t - a potion of curing {@q1}
 u - a potion of berserk rage {unknown}
 z - a potion of magic {unknown}
Books
 b - a book of Necromancy
 x - Kikubaaqudgha's Almanac of Evil
   (Kikubaaqudgha gifted it to you on level 5 of the Dungeon)

   Spells                             Type                      Level
   a - Pain                           Necromancy                   1
   b - Corpse Rot                     Necromancy                   2
   c - Sublimation of Blood           Necromancy                   2
   d - Vampiric Draining              Necromancy                   3
   e - Control Undead                 Necromancy                   4
Comestibles
 j - 4 fruits
 q - 5 bread rations


   Skills:
 + Level 2.6 Fighting
 * Level 1.0 Short Blades
 - Level 4.2 Polearms
 + Level 5.8 Dodging
 - Level 2.0 Stealth
 - Level 4.0 Spellcasting
 + Level 7.9 Necromancy


You had 3 spell levels left.
You knew the following spells:

 Your Spells              Type           Power        Failure   Level  Hunger
a - Pain                  Necr           ####         1%          1    None
b - Vampiric Draining     Necr           ####......   1%          3    ###....
c - Animate Dead          Necr           N/A          5%          4    ####...
e - Regeneration          Chrm/Necr      ###.......   9%          3    ###....
z - Animate Skeleton      Necr           N/A          1%          1    None


Dungeon Overview and Level Annotations

Branches:
Dungeon (6/15)             Temple (0/1) D:4

Altars:
Dithmenos
Elyvilon
Fedhas
Kikubaaqudgha
Nemelex Xobeh
Qazlal
Sif Muna
Zin
The Shining One

Annotations:
D:4 2 transporters


Innate Abilities, Weirdness & Mutations

You have a beak for a mouth.
You have claws for feet.
You can fly.


Message History

You open the door.
Found a stone staircase leading down.
There is an open door here.
You open the door.
A worker ant comes into view.
Found a scroll of identify.
There is an open door here.
A centaur comes into view.
The centaur shouts!
The centaur wields a shortbow.
The centaur shoots an arrow.
The arrow barely misses you.
You barely miss the worker ant. You claw the worker ant.
The centaur shoots an arrow.
The arrow barely misses you.
The worker ant bites you but does no damage.
The centaur shoots an arrow.
The arrow hits you! The worker ant completely misses you.
The centaur shoots an arrow.
The arrow hits you.
You see here an arrow.
The centaur shoots an arrow.
The arrow hits you.
You see here an arrow.
The centaur shoots an arrow.
The arrow hits you!
* * * LOW HITPOINT WARNING * * *
There is an open door, spattered with blood here.
You see here an arrow.
Aim: a worker ant (lightly wounded)
You feel life coursing into your body. The worker ant closely misses you.
The worker ant bites you!
* * * LOW HITPOINT WARNING * * *
Aim: a worker ant (severely wounded)
You kill the worker ant!
Kikubaaqudgha accepts your kill.
Your Short Blades skill increases to level 1!
You feel life coursing into your body.
The centaur shoots an arrow.
The arrow hits you.
* * * LOW HITPOINT WARNING * * *
The centaur shoots an arrow.
The arrow barely misses you.
Your skin crawls.
The centaur shoots an arrow.
The arrow hits you!
* * * LOW HITPOINT WARNING * * *
The centaur shoots an arrow.
The arrow hits you.
* * * LOW HITPOINT WARNING * * *
You see here 2 arrows.
The centaur shoots an arrow.
The arrow barely misses you.
Found a potion of degeneration.
Your skin is crawling a little less now.
The centaur shoots an arrow.
The arrow hits you!
* * * LOW HITPOINT WARNING * * *
The centaur shoots an arrow.
The arrow hits you.
You die...
Kikubaaqudgha rasps: "You have failed me!
Welcome... death!"

#.#....# #.#....# #.#.!..# #.# ..
...... ####.## . #.... ######
#####.......#+ #(.# #####......
....#....##.#.###..####........#
....#.......#...@...(.#(...?...##
....#.....##....##.##c#..(.......
................##....(((.......#
.........<......##.#..#...c.....#
................'..#..+!c........
.###.####.......##>####........##
#.# #...###.##.# ....##..... #.#
#...# #.##.# .###.# #####
#.####...# #.##.##. #.#


You could see a centaur.

Vanquished Creatures
  2 phantoms
  An ogre (D:4)
  A big kobold (D:5)
  A bullfrog (D:6)
  A hound (D:5)
  4 jellies
  5 orc priests
  An iguana (D:5)
  5 orc wizards (D:5)
  2 bullfrog skeletons
  Natasha (twice) (D:2)
  3 worker ants
  3 gnolls (D:5)
  8 adders
  A shadow imp (D:5)
  7 oozes (D:2)
  A worm (D:5)
  4 dart slugs
  11 leopard geckos
  19 orcs
  4 giant cockroaches
  7 goblins
  7 hobgoblins
  4 quokkas
  A ball python (D:1)
  7 bats
  7 frilled lizards
  18 kobolds
  A quokka skeleton (D:4)
  A quokka zombie (D:5)
  7 rats
146 creatures vanquished.

Vanquished Creatures (collateral kills)
  A gnoll (D:5)
  An orc (D:5)
  A butterfly (D:4)
3 creatures vanquished.

Vanquished Creatures (others)
  2 fungi (D:2)
  8 toadstools (D:2)
10 creatures vanquished.

Grand Total: 159 creatures vanquished

Notes
Turn   | Place    | Note
-------+----------+-------------------------------------------
     0 | D:1      | Lochraine the Tengu Necromancer began the quest for the Orb.
     0 | D:1      | Reached XP level 1. HP: 10/10 MP: 4/4
   280 | D:1      | Reached XP level 2. HP: 8/15 MP: 0/6
  1027 | D:1      | Learned a level 1 spell: Animate Skeleton
  1069 | D:1      | Reached XP level 3. HP: 8/19 MP: 2/7
  1556 | D:2      | Reached skill level 5 in Necromancy
  1562 | D:2      | Learned a level 3 spell: Vampiric Draining
  1680 | D:2      | Found a shadowy altar of Dithmenos.
  1682 | D:2      | Found a white marble altar of Elyvilon.
  1686 | D:2      | Found a glowing golden altar of the Shining One.
  1762 | D:2      | Found a sparkling altar of Nemelex Xobeh.
  2372 | D:2      | Reached XP level 4. HP: 17/24 MP: 2/8
  2800 | D:2      | Learned a level 3 spell: Regeneration
  2812 | D:2      | Gained mutation: You can fly. [Tengu growth]
  2812 | D:2      | Reached XP level 5. HP: 26/28 MP: 6/10
  3194 | D:2      | Reached skill level 6 in Necromancy
  3238 | D:2      | Noticed Natasha
  3244 | D:2      | Killed Natasha
  3407 | D:2      | Noticed Natasha
  3411 | D:2      | Killed Natasha
  3411 | D:2      | Reached XP level 6. HP: 21/32 MP: 3/11
  3609 | D:3      | Found a blossoming altar of Fedhas.
  4005 | D:3      | Found a stormy altar of Qazlal.
  4517 | D:4      | Reached skill level 7 in Necromancy
  4517 | D:4      | Reached XP level 7. HP: 25/36 MP: 1/13
  4618 | D:4      | Learned a level 4 spell: Animate Dead
  4622 | D:4      | Found an ancient bone altar of Kikubaaqudgha.
  4624 | D:4      | Found a glowing silver altar of Zin.
  4634 | D:4      | Became a worshipper of Kikubaaqudgha
  4763 | D:4      | Found a staircase to the Ecumenical Temple.
  4768 | D:4      | Found a transporter.
  4842 | D:4      | Found a transporter.
  5484 | D:4      | Reached skill level 1 in Polearms
  5689 | D:4      | Reached skill level 1 in Fighting
  5878 | D:4      | Found a deep blue altar of Sif Muna.
  6004 | D:5      | Entered Level 5 of the Dungeon
  6613 | D:5      | Reached skill level 5 in Dodging
  6882 | D:5      | Reached XP level 8. HP: 39/44 MP: 5/15
  6891 | D:5      | Reached * piety under Kikubaaqudgha
  6891 | D:5      | Identified Kikubaaqudgha's Almanac of Evil (Kikubaaqudgha gifted it to you on level 5 of the Dungeon)
  6891 | D:5      | Received a gift from Kikubaaqudgha
  7835 | D:6      | Reached skill level 1 in Short Blades
  7842 | D:6      | HP: 1/45 [centaur/arrow (8)]
  7842 | D:6      | Shot with an arrow by a centaur

Skill      XL: |  1  2  3  4  5  6  7  8 |
---------------+-------------------------+-----
Necromancy     | 5 6 7 |  7.9
Dodging        | 3 4 5 |  5.8
Spellcasting   | 3 4 |  4.0
Polearms       | 2 4 |  4.2
Fighting       | 1 2 |  2.6
Short Blades   | 1 |  1.0
Stealth        | |  2.0

Action                   |  1- 3 |  4- 6 |  7- 9 || total
-------------------------+-------+-------+-------++-------
Melee: Short sword       |     5 |    22 |     9 ||    36
       Kick              |     2 |    12 |    41 ||    55
       Peck              |       |    15 |    33 ||    48
       Falchion          |       |    20 |    75 ||    95
       Halberd           |       |       |    84 ||    84
Throw: Stone             |     3 |       |       ||     3
 Cast: Pain              |    70 |    71 |    56 ||   197
       Vampiric Draining |     2 |    13 |    26 ||    41
       Animate Skeleton  |     1 |     5 |       ||     6
       Regeneration      |       |     1 |     7 ||     8
       Animate Dead      |       |       |     7 ||     7
  Use: Scroll            |       |       |     9 ||     9
       Potion            |       |       |     2 ||     2
 Stab: Sleeping          |       |     4 |     3 ||     7
       Distracted        |       |     1 |     1 ||     2
  Eat: Chunk             |     5 |     7 |     8 ||    20
       Royal jelly       |       |     1 |     1 ||     2
       Meat ration       |       |       |     1 ||     1
Armor: Robe              |     5 |     8 |    28 ||    41
Dodge: Dodged            |    32 |    42 |   131 ||   205
       Rpst.: Falchion   |       |    10 |    20 ||    30
